 Dungeon Crawl Stone Soup version 0.29.0-4-gdea44cf6ec (webtiles) character file.

Game seed: 1234345012592428168

252 Iusername the Covered (level 6, -3/48 HPs)
             Began as a Human Fighter on Aug 26, 2022.
             Slain by a gnoll
             ... wielding a +0 halberd
              (11 damage)
             ... on level 4 of the Dungeon.
             The game lasted 00:06:10 (4412 turns).

Iusername the Covered (Human Fighter)               Turns: 4412, Time: 00:06:11

Health: -3/48      AC:  9    Str: 19    XL:     6   Next: 36%
Magic:  6/6        EV:  9    Int: 14    God:
Gold:   112        SH:  4    Dex: 12    Spells: 5/5 levels left

rFire   x . .      SeeInvis +   t - +8 trident of Miun {flame, rElec rF- Will+++ SInv}
rCold   . . .      Faith    +   c - +0 buckler
rNeg    . . .      Spirit   .   b - +0 scale mail
rPois   .          Reflect  .   (no helmet)
rElec   +          Harm     .   (no cloak)
rCorr   .          Rampage  .   i - +0 pair of gloves
Will    +++..                   q - +0 pair of boots
Stlth   ..........              h - amulet of faith
HPRegen 0.16/turn               p - +6 ring of intelligence
MPRegen 0.10/turn               (no ring)

@: mighty
A: no striking features
a: no special abilities


You were on level 4 of the Dungeon.
You visited 1 branch of the dungeon, and saw 4 of its levels.

You collected 112 gold pieces.

Inventory:

Hand Weapons
 a - a +0 long sword
 t - the +8 trident of Miun (weapon) {flame, rElec rF- Will+++ SInv}
   (You found it on level 3 of the Dungeon)

   It burns those it strikes, dealing additional fire damage.
   rF:        It makes you vulnerable to fire.
   rElec:     It insulates you from electricity.
   SInv:      It lets you see invisible.
   Will:      It greatly increases your willpower.
Missiles
 f - 2 throwing nets (quivered)
Armour
 b - a +0 scale mail (worn)
 c - a +0 buckler (worn)
 i - a +0 pair of gloves (worn)
 q - a +0 pair of boots (worn)
Jewellery
 h - an amulet of faith (around neck)
 l - a ring of willpower
 p - a +6 ring of intelligence (left hand)
Scrolls
 o - a scroll of enchant armour {unknown}
 s - a scroll of blinking {unknown}
Potions
 e - 3 potions of mutation
 g - 4 potions of degeneration
 j - a potion of lignification
 m - a potion of brilliance
 n - a potion of haste
 r - 2 potions of curing {unknown}
 u - a potion of berserk rage {unknown}


   Skills:
 + Level 3.7 Fighting
 + Level 4.0 Long Blades
 + Level 0.7 Polearms
 + Level 4.1 Armour
 + Level 1.0 Dodging
 + Level 0.3 Stealth
 + Level 3.7 Shields


You had 5 spell levels left.
You didn't know any spells.
Your spell library contained the following spells:

 Spells                   Type           Power      Damage    Failure   Level
 Magic Dart               Conj           0%         1d3       73%         1
 Call Imp                 Summ           0%         N/A       86%         2
 Call Canine Familiar     Summ           0%         N/A       97%         3
 Mephitic Cloud           Conj/Pois/Air  0%         N/A       97%         3
 Portal Projectile        Hex/Tloc       0%         N/A       97%         3
 Leda's Liquefaction      Hex/Erth       0%         N/A       100%        4


Dungeon Overview and Level Annotations

Branches:
Dungeon (4/15)
 Temple: D:4-7

Altars:
Qazlal
Uskayaw


Message History

The hobgoblin hits you but does no damage.
The gnoll barely misses you. The kobold barely misses you.
The hobgoblin barely misses you. You block the gnoll's attack.
The gnoll closely misses you.
The gnoll hits you but does no damage. x2
You feel much better.
You feel sick.
The gnoll hits you from afar with a +0 spear.
The gnoll hits you with a +0 club. You block the kobold's attack.
The hobgoblin hits you but does no damage.
The gnoll hits you but does no damage. The gnoll closely misses you.
The kobold hits you but does no damage. The hobgoblin attacks as you move away!
The hobgoblin hits you but does no damage.
The kobold attacks as you move away! The kobold hits you but does no damage.
You feel sick. You block the kobold's attack. The gnoll misses you.
The kobold attacks as you move away! The kobold hits you but does no damage.
You feel sick. The gnoll hits you but does no damage.
You feel sick. The gnoll attacks as you move away!
The gnoll hits you but does no damage.
You feel sick.
You feel sick.
You feel sick.
You are no longer poisoned.
The gnoll attacks as you move away! The gnoll barely misses you.
You impale the kobold!! You burn the kobold.
You kill the kobold!
The gnoll hits you but does no damage.
The gnoll hits you from afar with a +0 spear.
You block the gnoll's attack. The gnoll hits you but does no damage.
The gnoll hits you with a +0 halberd. The gnoll misses you.
The hobgoblin closely misses you. The gnoll hits you with a +0 spear!
* * * LOW HITPOINT WARNING * * *
The hobgoblin attacks as you move away!
The hobgoblin hits you but does no damage.
The gnoll attacks as you move away! You block the gnoll's attack.
The gnoll hits you but does no damage. The gnoll closely misses you.
The gnoll hits you from afar with a +0 spear.
* * * LOW HITPOINT WARNING * * *
The gnoll barely misses you.
The gnoll hits you from afar with a +0 halberd!
You die...

#############################
#........K.g...#(......#....#
#...)$..g.Kgg.(')).....#....#
#...)....gKgg@)#########....##
.....K########..........#......#
...... #..........'......+ .....
#..........#......# '##..
.......#########....## #.
.......+ #)...# #. ........#
#))..#
######################''###
≈≈≈≈≈≈≈≈≈≈≈≈≈≈≈≈≈≈≈≈~~....~~


You could see 5 gnolls, 2 hobgoblins and 3 kobolds.

Vanquished Creatures
  A kobold brigand (D:4)
  A hound (D:3)
  Terence (D:3)
  2 adders
  2 gnolls (D:4)
  A dart slug (D:2)
  3 orcs (D:3)
  7 bats
  13 endoplasms
  3 giant cockroaches
  2 goblins (D:1)
  6 hobgoblins
  8 jackals
  24 kobolds
  A quokka (D:1)
  3 ball pythons (D:3)
  4 frilled lizards
  4 rats
86 creatures vanquished.

Notes
Turn   | Place    | Note
-------+----------+-------------------------------------------
     0 | D:1      | Iusername the Human Fighter began the quest for the Orb.
     0 | D:1      | Reached XP level 1. HP: 18/18 MP: 1/1
   285 | D:1      | Reached XP level 2. HP: 22/24 MP: 2/2
   647 | D:1      | Found a faded altar of an unknown god.
  1041 | D:1      | Reached XP level 3. HP: 15/29 MP: 3/3
  2163 | D:2      | Reached XP level 4. HP: 31/35 MP: 4/4
  2512 | D:2      | Identified the +9 dagger of Fae Responsibility {venom,
                  | rC++}
  2730 | D:2      | Found a hide-covered altar of Uskayaw.
  3323 | D:3      | Found a stormy altar of Qazlal.
  3482 | D:3      | Reached XP level 5. HP: 32/41 MP: 5/5
  3743 | D:3      | Noticed Terence
  3755 | D:3      | Killed Terence
  4083 | D:3      | Identified the +8 trident of Miun {flame, rElec rF- Will+++
                  | SInv}
  4356 | D:4      | Noticed a kobold brigand
  4361 | D:4      | Killed a kobold brigand
  4362 | D:4      | Reached skill level 1 in Dodging
  4362 | D:4      | Reached XP level 6. HP: 40/48 MP: 6/6
  4412 | D:4      | Slain by a gnoll

Illustrated notes

Levels and vault maps discovered:
D:1:      lightli_arrival_boilingwater, layout_basic, basic_ecumenical_altar
D:2:      layout_loops_cross, basic_altar, minmay_tree_intersection,
          minmay_misc_feat_x
D:3:      layout_rooms, nicolae_qazlal_scattered_showers,
          serial_co_window_serial, co_window_corner_a, co_window_paths_a,
          co_window_paths_b, co_window_paths_a, co_window_of_opportunity_a,
          co_window_corner_a, co_window_cross_3, co_window_paths_c,
          co_window_corner_b, co_window_broadway_a, glass_columns_a,
          glass_columns_c, glass_columns_a, glass_columns_a, uniq_terence
D:4:      minmay_goblin_kobold_castle, layout_basic, nicolae_uskayaw_en_pointe,
          serial_glass, glass_columns_c, glass_columns_b,
          nicolae_ossuary_entry_catacombs

Skill      XL: |  1  2  3  4  5 |
---------------+----------------+-----
Long Blades    | 3 4 |  4.0
Armour         | 4 |  4.1
Dodging        | 1 |  1.0
Fighting       | |  3.7
Polearms       | |  0.7
Stealth        | |  0.3
Shields        | |  3.7

Action                   |  1- 3 |  4- 6 || total
-------------------------+-------+-------++-------
Melee: Long sword        |   112 |    88 ||   200
       Trident           |       |    40 ||    40
  Use: Scroll            |     6 |       ||     6
       Potion            |       |     5 ||     5
Armor: Scale mail        |    56 |   104 ||   160
Dodge: Dodged            |    65 |    65 ||   130
Block: Buckler           |    30 |    46 ||    76
